 Dungeon Crawl Stone Soup version 0.29-a0-857-g9b1aa3ac5b (webtiles) character file.

Game seed: 3705403868568922839

56 MudFish the Poker (level 3, -3/28 HPs)
             Began as a Merfolk Gladiator on July 17, 2022.
             Slain by Crazy Yiuf
             ... wielding a +2 quarterstaff of chaos
              (11 damage)
             ... on level 2 of the Dungeon.
             The game lasted 00:03:58 (2303 turns).

MudFish the Poker (Merfolk Gladiator)               Turns: 2303, Time: 00:03:59

Health: -3/28      AC:  6    Str: 13 (14) XL:     3   Next: 95%
Magic:  3/3        EV: 12    Int:  5 (7)  God:
Gold:   76         SH:  0    Dex: 16 (17) Spells: 2/2 levels left

rFire   . . .      SeeInvis .   f - +2 spear (vorpal)
rCold   . . .      Faith    .   (no shield)
rNeg    . . .      Spirit   .   n - +0 ring mail
rPois   .          Reflect  .   c - +0 helmet
rElec   .          Harm     .   (no cloak)
rCorr   .          Rampage  .   (no gloves)
Will    .....                   (no boots)
Stlth   +.........              k - amulet of magic regeneration
HPRegen 0.09/turn               (no ring)
MPRegen 0.48/turn               (no ring)

@: no status effects
A: (nimble swimmer 2), mertail
a: no special abilities


You were on level 2 of the Dungeon.
You visited 1 branch of the dungeon, and saw 2 of its levels.

You collected 76 gold pieces.

Inventory:

Hand Weapons
 a - a +0 trident
 f - a +2 vorpal spear (weapon)
 j - a +1 whip of freezing
 p - a +2 dagger of venom
Missiles
 d - 3 throwing nets (quivered)
 e - a javelin
 q - 6 poisoned darts
Armour
 b - a +0 leather armour
 c - a +0 helmet (worn)
 n - a +0 ring mail (worn)
Jewellery
 k - an amulet of magic regeneration (around neck)
Scrolls
 g - a scroll of teleportation {unknown}
 h - a scroll of fog {unknown}
 i - 6 scrolls of identify {unknown}
 l - a scroll of torment {unknown}
 o - a scroll of magic mapping {unknown}


   Skills:
 + Level 2.5 Fighting
 * Level 5.5 Polearms
 - Level 2.0 Throwing
 * Level 4.7 Dodging


You had 2 spell levels left.
You didn't know any spells.
Your spell library was empty.

Dungeon Overview and Level Annotations

Branches:
Dungeon (2/15)

Altars:

Annotations:
D:2 Crazy Yiuf


Innate Abilities, Weirdness & Mutations

((You are very nimble when in or above water. (Stealth+, EV+, Speed+++)))
Your lower body shifts to a powerful aquatic tail in water.


Message History

You now have 52 gold pieces (gained 13).
Found a robe.
Found a stone staircase leading down.
Found 6 poisoned darts.
Found a stone staircase leading down.
You now have 63 gold pieces (gained 11).
You now have 76 gold pieces (gained 13).
m - a sapphire potion You see here 6 poisoned darts.
q - 6 poisoned darts
Found a hammer.
Found a hammer.
Found a hammer.
You see here a +0 hammer.
You see here a +0 hammer.
Found four hammers.
Found a runed translucent door.
You see here a +0 hammer.
You see here a +0 hammer.
Found a hammer.
It was a potion of curing.
You feel better.
You open the door. You barely miss Crazy Yiuf.
Crazy Yiuf hits you with a +2 quarterstaff of chaos.
Crazy Yiuf burns you.
You hit Crazy Yiuf.
Crazy Yiuf is moderately wounded.
Crazy Yiuf drinks a potion.
Crazy Yiuf suddenly seems more resistant.
You closely miss Crazy Yiuf.
Crazy Yiuf is moderately wounded.
You hit Crazy Yiuf but do no damage.
Crazy Yiuf is moderately wounded.
Crazy Yiuf barely misses you.
You hit Crazy Yiuf.
Crazy Yiuf is heavily wounded.
Crazy Yiuf hits you with a +2 quarterstaff of chaos!
Ouch! That really hurt!
* * * LOW HITPOINT WARNING * * *
You hit Crazy Yiuf.
Crazy Yiuf is almost dead.
Crazy Yiuf hits you with a +2 quarterstaff of chaos!
You die...

##### ### ####...#####
#)).### ##..........#
#..)g@####......##....
#)..##).#).....###.###
### ###)#).....>.....
###########.... #....
#.... #.... #....
#....


You could see Crazy Yiuf (resistant).

Vanquished Creatures
  Robin (D:2)
  3 ball pythons (D:1)
  A bat (D:1)
  4 endoplasms (D:1)
  12 goblins
  5 hobgoblins (D:1)
  3 kobolds (D:1)
  3 quokkas (D:1)
  4 frilled lizards (D:1)
  3 rats
39 creatures vanquished.

Notes
Turn   | Place    | Note
-------+----------+-------------------------------------------
     0 | D:1      | MudFish the Merfolk Gladiator began the quest for the Orb.
     0 | D:1      | Reached XP level 1. HP: 16/16 MP: 1/1
    98 | D:1      | Reached XP level 2. HP: 16/22 MP: 2/2
   947 | D:1      | Reached XP level 3. HP: 9/28 MP: 3/3
  1253 | D:1      | Reached skill level 5 in Polearms
  1585 | D:2      | Noticed Robin
  1975 | D:2      | Killed Robin
  2292 | D:2      | Found a runed translucent door.
  2293 | D:2      | Noticed Crazy Yiuf
  2303 | D:2      | Slain by Crazy Yiuf

Illustrated notes

Levels and vault maps discovered:
D:1:      co_arrival_square_in_a_square_in_a_square, layout_loops_corners,
          serial_rivers, chequers_serial_rivers_micro_b,
          chequers_serial_rivers_large_a, chequers_serial_rivers_micro_c,
          chequers_serial_rivers_room_b, chequers_serial_rivers_small_b
D:2:      minmay_angry_zag, layout_rooms,
          hellmonk_ecumenical_altar_defaced_shrine, basic_altar,
          minmay_hexomino_p4, uniq_robin, uniq_crazy_yiuf_cottage

Skill      XL: |  1  2  3 |
---------------+----------+-----
Polearms       | 5 |  5.5
Fighting       | |  2.5
Throwing       | |  2.0
Dodging        | |  4.7

Action                   || total
-------------------------++-------
Melee: Trident           ||   105
       Tailslap          ||     2
       Spear             ||     6
  Use: Potion            ||     4
 Stab: Sleeping          ||     2
Armor: Leather armour    ||    11
       Ring mail         ||    17
Dodge: Dodged            ||    83

Table legend: (Time is in decaauts)
 A = Elapsed time spent in this place.
 B = Non-inter-level travel time spent in this place.
 C = Inter-level travel time spent in this place.
 D = Time resting spent in this place.
 E = Time spent auto-exploring this place.
 F = Levels seen in this place.
 G = Mean time per level.
                   A        B        C        D        E       F      G
               +--------+--------+--------+--------+--------+-----+--------+
         Total |   2264 |   2256 |      8 |    907 |    980 |   2 | 1132.0 |
       Dungeon |   2264 |   2256 |      8 |    907 |    980 |   2 | 1132.0 |
               +--------+--------+--------+--------+--------+-----+--------+

Top non-repeatable levels by time:
     D:1: 1904 daAuts
     D:2: 360 daAuts
